 Dungeon Crawl Stone Soup version 0.26-a0-639-g72c4674329 (webtiles) character file.

Game seed: 13506477462429427210

679 PentaManta the Chopper (level 7, 0/55 HPs)
             Began as a Formicid Abyssal Knight on Sept 19, 2020.
             Was a Priest of Lugonu.
             Splashed by Dowan's acid (11 damage)
             ... on level 4 of the Dungeon.
             The game lasted 00:08:26 (4582 turns).

PentaManta the Chopper (Formicid Abyssal Knight)    Turns: 4582, Time: 00:08:26

Health: 0/55       AC:  0    Str: 18    XL:     7   Next: 92%
Magic:  9/9        EV: 11    Int: 12    God:    Lugonu [***...]
Gold:   256        SH:  0    Dex: 10    Spells: 6/6 levels left

rFire    . . .     SeeInvis +   s - +1 hand axe (elec)
rCold    . . .     Faith    +   (no shield)
rNeg     + . .     Spirit   .   x - +0 ring mail
rPois    .         Reflect  .   (helmet unavailable)
rElec    .         Harm     .   o - +0 cloak
rCorr    .         Rampage  .   l - +0 pair of gloves
MR       .....                  (no boots)
Stlth    ..........             a - amulet of faith
HPRegen  0.18/turn              c - ring of positive energy
MPRegen  0.11/turn              (no ring)

@: mighty, corroded
A: permanent stasis, dig shafts and tunnels, four strong arms, antennae 3
a: Dig, Shaft Self, Depart the Abyss, Bend Space, Banish, Renounce Religion


You were on level 4 of the Dungeon.
You worshipped Lugonu.
Lugonu was most pleased with you.
You visited 1 branch of the dungeon, and saw 4 of its levels.
You visited the Abyss 1 time.

You collected 256 gold pieces.

Inventory:

Hand Weapons
 k - a +0 war axe
 m - a +0 dagger
 s - a +1 hand axe of electrocution (weapon)
 u - a +2 flail of holy wrath
Missiles
 t - 13 poisoned darts (quivered)
Armour
 l - a +0 pair of gloves (worn)
 o - a +0 cloak (worn)
 x - a +0 ring mail (worn)
Jewellery
 a - an amulet of faith (around neck)
 c - a ring of positive energy (left hand)
Scrolls
 f - 4 scrolls of identify
 g - a scroll of teleportation {unknown}
 h - a scroll of fog {unknown}
 j - a scroll of random uselessness {unknown}
 q - 4 scrolls of remove curse
 w - a scroll of blinking {unknown}
Potions
 d - 2 potions of lignification
 e - a potion of might
 i - 3 potions of ambrosia {unknown}
 n - a potion of magic {unknown}
 p - a potion of flight {unknown}
 r - a potion of haste {unknown}
 v - a potion of curing


   Skills:
 + Level 4.3 Fighting
 + Level 6.5 Axes
 + Level 3.4 Armour
 + Level 2.3 Dodging
 + Level 3.6 Invocations


You had 6 spell levels left.
You didn't know any spells.
Your spell library was empty.

Dungeon Overview and Level Annotations

Branches:
Dungeon (4/15)
 Temple: D:4-7

Altars:

Shops:
D:4 :

Annotations:
D:4 Dowan, Duvessa


Innate Abilities, Weirdness & Mutations

You cannot be hasted, slowed, berserked, paralysed or teleported.
You can dig through walls and to a lower floor.
Your four strong arms can wield two-handed weapons with a shield.
You have a pair of large antennae on your head. (SInv)


Message History

Dowan shouts!
You hear a shout!
Dowan zaps a wand.
The bolt of acid hits you!! The acid corrodes you!
You are splashed with acid!
Dowan is nearby!
Dowan is nearby!
Press: ? - help, v - describe, . - travel
Here: Dowan, wielding a +0 dagger, wearing a +2 robe of magic resistance and carrying a wand of acid (5)
The floor.
Dowan points at something and mumbles some strange words.
Okay, then.
You feel very mighty all of a sudden.
Dowan zaps a wand.
The bolt of acid misses you. Dowan hits you with a +0 dagger.
You miss Dowan. Dowan hits you with a +0 dagger.
You hit Dowan.
Dowan is lightly wounded.
Dowan zaps a wand.
The bolt of acid hits you!
* * * LOW HITPOINT WARNING * * *
The acid corrodes you!
You are splashed with acid!
You die...

. #
#.######.#
#........#
### ###
#####.# ..
.. #.@e..#
{####. .##
#.#####
{{.#.#.#.
#.#
#.#...#.
#.#
#.##'##.
##.#
#.).)...
#..#
####....
#.## #####
#.# #.#
#####


You could see Dowan.

Vanquished Creatures
  A hippogriff (D:4)
  A phantom (D:4)
  2 ogres
  A bullfrog (D:2)
  An orc wizard (D:3)
  A hound zombie (D:3)
  3 adders
  2 oozes
  3 worms
  2 dart slugs (D:1)
  17 orcs
  3 bats
  3 giant cockroaches
  6 hobgoblins (D:1)
  10 jackals
  A ball python (D:3)
  6 frilled lizards
  4 goblins
  4 kobolds
  A leopard gecko skeleton (D:4)
  3 rats
75 creatures vanquished.

Notes
Turn   | Place    | Note
-------+----------+-------------------------------------------
     0 | Abyss:1  | PentaManta the Formicid Abyssal Knight began the quest for
                  | the Orb.
     0 | Abyss:1  | Reached XP level 1. HP: 18/18 MP: 2/2
    72 | D:1      | Escaped the Abyss
   126 | D:1      | Reached XP level 2. HP: 11/24 MP: 3/3
   371 | D:1      | Reached skill level 3 in Axes
   465 | D:1      | Reached XP level 3. HP: 27/29 MP: 4/4
   478 | D:1      | Reached ** piety under Lugonu
  1928 | D:3      | Noticed a bullfrog
  1941 | D:2      | Killed a bullfrog
  1941 | D:2      | Reached skill level 4 in Axes
  1941 | D:2      | Reached XP level 4. HP: 22/35 MP: 5/5
  1941 | D:2      | Reached XP level 5. HP: 26/41 MP: 6/6
  2399 | D:3      | Reached skill level 5 in Axes
  2814 | D:3      | Reached XP level 6. HP: 24/47 MP: 7/7
  3477 | D:4      | Reached skill level 6 in Axes
  3483 | D:4      | Reached skill level 1 in Dodging
  3655 | D:4      | Noticed an ogre
  3666 | D:4      | Killed an ogre
  3787 | D:4      | Noticed a phantom
  3818 | D:4      | Killed a phantom
  3818 | D:4      | Reached XP level 7. HP: 41/53 MP: 7/9
  3890 | D:4      | Noticed Duvessa
  3891 | D:4      | Noticed a hippogriff
  3900 | D:4      | Killed a hippogriff
  3901 | D:4      | Noticed Dowan
  4325 | D:4      | Reached *** piety under Lugonu
  4479 | D:4      | Found Kihaov's Book Shop.
  4582 | D:4      | Splashed by Dowan's acid

Illustrated notes

Levels and vault maps discovered:
D:1:      dpeg_arrival_shelter, layout_loops_ring, minmay_misc_feat_x
D:2:      layout_loops_ring, minmay_misc_feat_iff, grunt_decor_one_mirror
D:3:      layout_basic, ebering_dispersal_statue_hall,
          minmay_misc_feat_nine_boxes
D:4:      layout_loops_ring, serial_shops, shop, roderic_filled_cross,
          uniq_duvessa

Skill      XL: |  1  2  3  4  5  6  7 |
---------------+----------------------+-----
Axes           | 3 4 5 6 |  6.5
Dodging        | 1 2 |  2.3
Fighting       | 4 |  4.3
Armour         | 3 |  3.4
Invocations    | 3 |  3.6

Action                   |  1- 3 |  4- 6 |  7- 9 || total
-------------------------+-------+-------+-------++-------
Melee: Hand axe          |    89 |   137 |    37 ||   263
Throw: Dart              |       |     2 |     2 ||     4
Invok: Bend Space        |       |     1 |       ||     1
 Abil: Dig               |     1 |       |       ||     1
  Use: Scroll            |     6 |       |       ||     6
       Potion            |       |     2 |     1 ||     3
Armor: Leather armour    |    26 |    38 |       ||    64
       Ring mail         |       |       |    14 ||    14
Dodge: Dodged            |    52 |    81 |    17 ||   150

Table legend: (Time is in decaauts)
 A = Elapsed time spent in this place.
 B = Non-inter-level travel time spent in this place.
 C = Inter-level travel time spent in this place.
 D = Time resting spent in this place.
 E = Time spent auto-exploring this place.
 F = Levels seen in this place.
 G = Mean time per level.
                   A        B        C        D        E       F      G
               +--------+--------+--------+--------+--------+-----+--------+
         Total |   4598 |   4463 |    135 |    682 |   2979 |   5 |  919.6 |
       Dungeon |   4525 |   4390 |    135 |    682 |   2979 |   4 | 1131.2 |
         Abyss |     72 |     72 |      0 |      0 |      0 |   1 |   72.0 |
               +--------+--------+--------+--------+--------+-----+--------+

Top non-repeatable levels by time:
     D:3: 1510 daAuts
     D:1: 1112 daAuts
     D:2: 1062 daAuts
     D:4: 840 daAuts
 Abyss:1: 72 daAuts
